 Dungeon Crawl Stone Soup version 0.31-a0-986-g5e6e4ef867 (webtiles) character file.

Game seed: 2152256048786505827

4069 wildpjah the Cleaver (level 10, -7/87 (89) HPs)
             Began as a Minotaur Fighter on Nov 21, 2023.
             Killed from afar by an orc wizard (12 damage)
             ... with a puff of flame
             ... on level 8 of the Dungeon.
             The game lasted 00:10:04 (6733 turns).

wildpjah the Cleaver (Minotaur Fighter)             Turns: 6733, Time: 00:10:04

HP:   -7/87 (89)    AC: -11   Str: 28    XL:     10   Next: 5%
MP:   9/9           EV: 11    Int:  5    God:
Gold: 314           SH:  5    Dex: 13    Spells: 9/9 levels left

rFire   . . .        a - +0 war axe
rCold   . . .        c - +0 buckler
rNeg    + + .        b - +0 scale mail
rPois   +            (helmet restricted)
rElec   .            q - scarf of the Carpenter {repulsion, rN+}
rCorr   .            (no gloves)
SInv    .            (no boots)
Will    .....        (no amulet) Stlth
                     f - +6 ring of strength
HPRegen 0.34/turn    n - ring of Hoed {rPois rN+}
MPRegen 0.11/turn

%: repel missiles
@: corroded, lightly drained
A: horns 2, retaliatory headbutt
a: no special abilities


You were on level 8 of the Dungeon.
You visited 1 branch of the dungeon, and saw 8 of its levels.

You collected 314 gold pieces.

Inventory:

Hand Weapons
 a - a +0 war axe (weapon)
 t - a +0 whip of flaming
 H - a +3 flail of protection
Missiles
 w - 28 poisoned darts
Armour
 b - a +0 scale mail (worn)
 c - a +0 buckler (worn)
 q - the scarf of the Carpenter (worn) {repulsion, rN+}
   (You found it on level 4 of the Dungeon)

   rN+:       It protects you from negative energy.
 C - an orb of energy
Jewellery
 f - a +6 ring of strength (left hand)
 n - the ring of Hoed (right hand) {rPois rN+}
   (You found it on level 3 of the Dungeon)

   [ring of poison resistance]

   rPois:     It protects you from poison rN+: It protects you from negative
   energy.
 p - a ring of protection from cold
 y - a ring of magical power
Wands
 s - a wand of flame (24)
 D - a wand of mindburst (21) (quivered)
 E - a wand of polymorph (11)
 F - a wand of iceblast (11)
Scrolls
 e - 4 scrolls of identify {unknown}
 g - 2 scrolls of fear {unknown}
 k - 4 scrolls of noise
 l - 3 scrolls of teleportation {unknown}
 m - 3 scrolls of immolation {unknown}
 u - 2 scrolls of fog {unknown}
 v - a scroll of enchant armour {unknown}
 x - a scroll of acquirement {unknown}
 B - a scroll of amnesia {unknown}
 G - a scroll of vulnerability {unknown}
 I - a scroll of brand weapon {unknown}
 J - a scroll of blinking {unknown}
Potions
 d - a potion of might
 h - a potion of mutation {unknown}
 i - 2 potions of cancellation
 j - a potion of lignification
 o - a potion of heal wounds {unknown}
 r - a potion of ambrosia {unknown}
 z - 2 potions of brilliance {unknown}
 A - 2 potions of curing


   Skills:
 + Level 8.3 Fighting
 + Level 11.1 Axes
 + Level 1.8 Throwing
 + Level 9.6 Armour
 + Level 3.7 Dodging
 + Level 0.4 Stealth
 + Level 5.8 Shields
 + Level 0.2 Evocations


You had 9 spell levels left.
You didn't know any spells.
Your spell library contained the following spells:

 Spells                   Type           Power      Damage    Failure   Level
 Cigotuvi's Dreadful Rot  Necr/Pois/Air  0%         N/A       87%         2
 Ignite Poison            Fire/Tmut/Pois 0%         N/A       98%         3
 Freezing Cloud           Conj/Ice/Air   0%         6-21      100%        5


Dungeon Overview and Level Annotations

Branches:
Dungeon (8/15)             Temple (0/1) D:6
   Lair: D:8-11

Altars:
Trog
Zin

Shops:
D:5 :   D:7 [

Annotations:
D:7 2 transporters, THTSBRD's ghost, novice DrGl


Innate Abilities, Weirdness & Mutations

You have a pair of horns on your head.
You reflexively headbutt those who attack you in melee.


Message History

You are too injured to fight recklessly!
Unknown command.
Unknown command.
You are too injured to fight recklessly!
You hit the jelly but do no damage.
Your hands burn!
The jelly is almost dead.
You completely miss the wight. You miss something.
The wight closely misses you.
You hear some strange, mumbled words.
A puff of flame appears from out of thin air!
The puff of flame hits you! The jelly hits you.
You are splashed with acid!
* * * LOW HITPOINT WARNING * * *
You hit the jelly but do no damage. The acid corrodes you!
Your hands burn!
* * * LOW HITPOINT WARNING * * *
The jelly is almost dead.
You miss something. You slash the wight! You hit the jelly but do no damage.
Your hands burn!
* * * LOW HITPOINT WARNING * * *
You headbutt the jelly.
You kill the jelly!
You hit something but do no damage. You hit the wight but do no damage.
Something hits you.
* * * LOW HITPOINT WARNING * * *
The wight hits you with a +0 flail.
* * * LOW HITPOINT WARNING * * *
You partially resist.
You feel drained.
You open the door.
There is an open door here.
Something hits you.
* * * LOW HITPOINT WARNING * * *
Something hits you.
* * * LOW HITPOINT WARNING * * *
A magic dart appears from out of thin air!
The magic dart hits you!
* * * LOW HITPOINT WARNING * * *
There is an open door here.
You hear some strange, mumbled words.
A puff of flame appears from out of thin air!
The puff of flame hits you!
You die...

#.....##....# #..........
#....z##....# #..........
+......'....# +<.........
#.....##....# #......[...
########.z..## .#..........
#.>..........#...#...)).....
#..........z.#...#....).####
#.........z{.+...+....).#
#+##..###..@##...#.<....#
########'##...#......#
.............#......#
.............#......####
.............#..........
##.#######...#..........
#.##...##...#....>.....
#.......'...#..........
#......######..........


You could see 3 wights.

Vanquished Creatures
  A two-headed ogre (D:6)
  Pikel (D:4)
  A gargoyle (D:5)
  Jeremiah (D:6)
  Eustachio (D:6)
  A water moccasin (D:5)
  2 ice beasts (D:6)
  An orc warrior (D:7)
  3 ogres
  2 phantoms
  A lemure (D:4)
  2 kobold brigands (D:8)
  2 bullfrogs
  3 scorpions
  A gnoll sergeant (D:7)
  4 killer bees (D:7)
  2 howler monkeys (D:7)
  3 gnoll boudas
  4 hounds
  2 jellies (D:8)
  2 orc priests (D:7)
  4 orc wizards
  3 iguanas
  A killer bee zombie (D:8)
  12 gnolls (D:7)
  7 adders
  6 ufetubi
  3 worms
  3 dart slugs
  16 orcs
  5 ball pythons
  An endoplasm (D:1)
  5 goblins
  4 hobgoblins
  3 jackals (D:3)
  4 quokkas
  2 bats
  A frilled lizard (D:3)
  13 kobolds
  4 rats
137 creatures vanquished.

Notes
Turn   | Place    | Note
-------+----------+-------------------------------------------
     0 | D:1      | wildpjah the Minotaur Fighter began the quest for the Orb.
     0 | D:1      | Reached XP level 1. HP: 19/19 MP: 0/0
   228 | D:1      | Reached XP level 2. HP: 27/27 MP: 1/1
   816 | D:2      | Reached XP level 3. HP: 33/33 MP: 2/2
   864 | D:2      | Reached skill level 3 in Axes
   919 | D:2      | Found a faded altar of an unknown god.
  1081 | D:3      | Reached XP level 4. HP: 38/41 MP: 3/3
  1153 | D:3      | Reached skill level 4 in Axes
  1304 | D:3      | Identified the +5 dagger of Doom {freeze, Drain rF+ Str+3
                  | Dex+3}
  1326 | D:3      | Identified the ring of Hoed {rPois rN+}
  1638 | D:3      | Reached XP level 5. HP: 47/47 MP: 4/4
  1865 | D:4      | Noticed Pikel
  1865 | D:4      | Noticed a lemure
  1865 | D:4      | Noticed a lemure
  1865 | D:4      | Noticed a lemure
  1865 | D:4      | Noticed a lemure
  1902 | D:4      | Identified the scarf of the Carpenter {repulsion, rN+}
  1979 | D:4      | Noticed a phantom
  1991 | D:4      | Killed a phantom
  1992 | D:4      | Reached skill level 5 in Axes
  2075 | D:4      | Killed a lemure
  2082 | D:4      | Killed Pikel
  2083 | D:4      | Reached skill level 5 in Fighting
  2083 | D:4      | Reached skill level 6 in Axes
  2083 | D:4      | Reached skill level 5 in Armour
  2083 | D:4      | Reached skill level 1 in Dodging
  2083 | D:4      | Reached XP level 6. HP: 41/57 MP: 5/5
  2083 | D:4      | Reached XP level 7. HP: 44/62 MP: 6/6
  2635 | D:5      | Entered Level 5 of the Dungeon
  2758 | D:5      | Reached skill level 7 in Axes
  2758 | D:5      | Reached skill level 5 in Shields
  2825 | D:5      | Reached XP level 8. HP: 63/70 MP: 7/7
  3107 | D:5      | Noticed a gargoyle
  3119 | D:5      | Killed a gargoyle
  3120 | D:5      | Reached skill level 8 in Axes
  3597 | D:5      | Found Xacwo's Book Emporium.
  4031 | D:6      | Noticed a two-headed ogre
  4041 | D:6      | Killed a two-headed ogre
  4042 | D:6      | Reached skill level 9 in Axes
  4042 | D:6      | Reached skill level 1 in Throwing
  4042 | D:6      | Reached XP level 9. HP: 36/79 MP: 8/8
  4175 | D:6      | Found a staircase to the Ecumenical Temple.
  4442 | D:6      | Noticed Eustachio
  4455 | D:6      | Killed Eustachio
  4456 | D:6      | Reached skill level 10 in Axes
  4623 | D:6      | Noticed Jeremiah
  4677 | D:6      | Killed Jeremiah
  4942 | D:6      | Found the +0 toga "Victory" {*Victory Clar}
  5095 | D:6      | Found a glowing silver altar of Zin.
  5233 | D:7      | Noticed a moth of wrath
  5240 | D:7      | Noticed THTSBRD's ghost (novice DrGl)
  5243 | D:7      | Found a transporter.
  5246 | D:7      | Found a transporter.
  5247 | D:7      | Found a bloodstained altar of Trog.
  5908 | D:7      | Found Ra's Dragon-Slaying Spoils.
  6055 | D:7      | Reached skill level 11 in Axes
  6584 | D:8      | Reached XP level 10. HP: 80/88 MP: 9/9
  6732 | D:8      | HP: 4/87 [something/magic dart (8)]
  6733 | D:8      | Killed from afar by an orc wizard

Illustrated notes

Levels and vault maps discovered:
D:1:      lightli_arrival_farm, layout_basic
D:2:      layout_rooms, basic_ecumenical_altar
D:3:      layout_basic
D:4:      layout_basic, uniq_pikel
D:5:      layout_layer_cave, serial_shops, nicolae_lakefront_shop
D:6:      kennysheep_spiral_hall, layout_loops_ring,
          mainiacjoe_overflow_alcove_2, minmay_temple_entry_trees,
          uniq_jeremiah, uniq_eustachio
D:7:      layout_loops_ring, gammafunk_ghost_wrathful_warriors, minivault_25,
          nicolae_shop_dragon_depot
D:8:      gammafunk_cloud_chamber, layout_gridville, serial_undead,
          serial_undead_c, serial_undead_a, serial_undead_a, serial_undead_d,
          serial_undead_b, uniq_prince_ribbit1

Skill      XL: |  1  2  3  4  5  6  7  8  9 |
---------------+----------------------------+-----
Fighting       | 4 5 6 7 8 |  8.3
Armour         | 4 5 6 7 9 |  9.6
Shields        | 4 5 |  5.8
Axes           | 3 4 6 7 9 11 | 11.1
Dodging        | 1 2 3 |  3.7
Throwing       | 1 |  1.8
Stealth        | |  0.4
Evocations     | |  0.2

Action                     |  1- 3 |  4- 6 |  7- 9 | 10-12 || total
---------------------------+-------+-------+-------+-------++-------
  Melee: War axe           |    43 |    69 |   257 |    18 ||   387
         Headbutt          |     8 |     6 |    37 |     3 ||    54
  Throw: Dart              |       |       |    15 |       ||    15
  Evoke: Wand              |       |       |     3 |       ||     3
    Use: Potion            |       |       |     4 |       ||     4
         Scroll            |       |       |     1 |       ||     1
 Armour: Scale mail        |    34 |    44 |   163 |    26 ||   267
         Skin              |       |       |    18 |       ||    18
  Dodge: Dodged            |    12 |    23 |   119 |    10 ||   164
         Repelled          |       |       |     3 |       ||     3
  Block: Buckler           |     7 |    13 |    54 |     6 ||    80

Table legend: (Time is in decaauts)
 A = Elapsed time spent in this place.
 B = Non-inter-level travel time spent in this place.
 C = Inter-level travel time spent in this place.
 D = Time resting spent in this place.
 E = Time spent auto-exploring this place.
 F = Levels seen in this place.
 G = Mean time per level.
                   A        B        C        D        E       F      G
               +--------+--------+--------+--------+--------+-----+--------+
         Total |   6802 |   6628 |    174 |    200 |   5543 |   8 |  850.2 |
       Dungeon |   6802 |   6628 |    174 |    200 |   5543 |   8 |  850.2 |
               +--------+--------+--------+--------+--------+-----+--------+

Top non-repeatable levels by time:
     D:5: 1356 daAuts
     D:7: 1331 daAuts
     D:6: 1251 daAuts
     D:3: 839 daAuts
     D:4: 752 daAuts
     D:1: 725 daAuts
     D:2: 380 daAuts
     D:8: 165 daAuts
